 Dungeon Crawl Stone Soup version 0.27-a0-1565-gad902ab807 (webtiles) character file.

Game seed: 16375983242896564403

4031 Leszczynek the Cleaver (level 10, -1/80 HPs)
             Began as a Human Gladiator on July 16, 2021.
             Was an Elder of Okawaru.
             Slain by a killer bee (4 damage)
             ... on level 11 of the Dungeon.
             The game lasted 00:29:29 (4120 turns).

Leszczynek the Cleaver (Human Gladiator)            Turns: 4120, Time: 00:29:30

Health: -1/80      AC: 14    Str: 23    XL:     10   Next: 48%
Magic:  13/13      EV: 12    Int: 10    God:    Okawaru [****..]
Gold:   467        SH:  5    Dex: 14    Spells: 7/9 levels left

rFire    . . .     SeeInvis .   a - +0 war axe
rCold    + . .     Faith    .   (no shield)
rNeg     . . .     Spirit   .   e - +2 scale mail {rC+}
rPois    .         Reflect  +   c - +1 helmet
rElec    .         Harm     .   (no cloak)
rCorr    .         Rampage  .   (no gloves)
Will     .....                  q - +2 pair of boots
Stlth    ..........             r - amulet of reflection
HPRegen  0.23/turn              I - +4 ring of slaying
MPRegen  0.13/turn              d - +6 ring of strength

@: lethally poisoned (-1 -> -19)
A: no striking features
a: Renounce Religion, Heroism


You were on level 11 of the Dungeon.
You worshipped Okawaru.
Okawaru was greatly pleased with you.
You visited 2 branches of the dungeon, and saw 12 of its levels.
You also visited: Sewer and Ossuary.

You collected 467 gold pieces.

Inventory:

Hand Weapons
 a - a +0 war axe (weapon)
 b - a +0 shortbow
 i - a +2 hand axe of venom
Missiles
 f - 2 curare-tipped darts
 m - 69 poisoned darts (quivered)
 s - 101 arrows
 D - 4 throwing nets
 F - 8 atropa-tipped darts {god gift}
Armour
 c - a +1 helmet (worn)
 e - a +2 scale mail of cold resistance (worn)
 o - a +0 ring mail
 q - a +2 pair of boots (worn)
 t - a +1 scale mail of fire resistance
Jewellery
 d - a +6 ring of strength (right hand)
 h - a ring of protection from fire
 r - an amulet of reflection (around neck)
 E - a ring of protection from fire
 I - a +4 ring of slaying (left hand)
Scrolls
 g - a scroll of enchant weapon
 l - 3 scrolls of teleportation
 p - a scroll of fog
 u - a scroll of blinking
 w - 2 scrolls of silence {!r}
 x - a scroll of magic mapping
 y - a scroll of fear {unknown}
 z - a scroll of noise {unknown}
 G - a scroll of acquirement {unknown}
Potions
 j - a potion of mutation {!q}
 k - a potion of cancellation {unknown}
 n - 2 potions of resistance
 v - a potion of flight
 A - 4 potions of curing {@q1}
 B - a potion of might
 C - a potion of lignification {unknown}
 H - a potion of heal wounds {@q2}
 J - a potion of brilliance {unknown}


   Skills:
 + Level 7.8 Fighting
 * Level 10.1 Axes
 - Level 2.0 Throwing
 - Level 4.0 Armour
 - Level 5.0 Dodging
 + Level 5.1 Invocations


You had 7 spell levels left.
You knew the following spells:

 Your Spells              Type           Power      Damage    Failure   Level
a - Passwall              Tmut/Erth      0%         N/A       80%         2

Your spell library contained the following spells:

 Spells                   Type           Power      Damage    Failure   Level
 Freeze                   Ice            0%         1d3       67%         1
 Frozen Ramparts          Ice            0%         1d2       95%         3
 Swiftness                Air            0%         N/A       95%         3
 Hailstorm                Conj/Ice       0%         3d3       100%        4
 Invisibility             Hex            0%         N/A       100%        6


Dungeon Overview and Level Annotations

Branches:
Dungeon (11/15)            Temple (1/1) D:5            Lair (0/6) D:10
  Sewer (visited)         Ossuary (visited)
    Orc: D:9-12

Altars:
Ashenzari
Cheibriados
Dithmenos
Elyvilon
Fedhas
Gozag
Hepliaklqana
Kikubaaqudgha
Makhleb
Nemelex Xobeh
Okawaru
Qazlal
Ru
Sif Muna
Trog
Uskayaw
Wu Jian
Yredelemnul
Zin
The Shining One
Jiyva

Shops:
D:4 :

Annotations:
D:8 exclusion: ice statue
D:11 Maurice


Message History

Enter note: umm
Found a rapier.
There is a stone staircase leading down here.
You climb downwards.
You hear a distant snort.
Hark!
There is a gateway to a gauntlet on this level.
Find the entrance quickly before the gate is sealed!
Level annotation: Maurice You hear the beating of a distant drum.
The killer bee buzzes angrily. x4
The killer bee barely misses you. The killer bee stings you.
* * * LOW HITPOINT WARNING * * *
You are poisoned.
The killer bee poisons you! The killer bee barely misses you.
The killer bee stings you.
* * * LOW HITPOINT WARNING * * *
You block the killer bee's attack. The killer bee stings you.
* * * LOW HITPOINT WARNING * * *
You are more poisoned.
The killer bee poisons you! The killer bee stings you.
* * * LOW HITPOINT WARNING * * *
You are more poisoned.
The killer bee poisons you! The killer bee stings you.
* * * LOW HITPOINT WARNING * * *
The killer bee stings you but does no damage.
The killer bee misses you.
Found a stone staircase leading up.
There is a stone staircase leading up, spattered with blood here.
Unknown command.
Unknown command.
Enter note: XD Unknown command.
Enter note: nice stairs bro You feel better.
The killer bee stings you.
* * * LOW HITPOINT WARNING * * *
You are lethally poisoned!
The killer bee poisons you! The killer bee stings you.
* * * LOW HITPOINT WARNING * * *
You are more poisoned.
The killer bee poisons you! The killer bee stings you.
You die...

#<...####
#.......#
.........
........# ##
........##.#
...........##
......yy....##
#y@y....#
#.^#...##
...## .##
..... #
...#... ..
#... . #...
....


You could see 4 killer bees.

Vanquished Creatures
  A troll (D:10)
  8 yaks
  A steam dragon (D:8)
  A sky beast (D:6)
  3 orc warriors (D:10)
  2 black bears
  A hornet zombie (D:7)
  An ogre (D:7)
  A necrophage (D:5)
  3 centaurs
  A phantom (D:6)
  3 kobold brigands
  An elf zombie (Ossuary)
  2 bullfrogs
  A wyvern zombie (D:6)
  4 scorpions
  A water moccasin skeleton (D:5)
  3 wights (D:9)
  2 orc priests
  A gnoll shaman (D:9)
  An iguana (D:6)
  3 orc wizards
  3 killer bee zombies
  A hound zombie (Ossuary)
  5 mummies
  2 adders
  4 gnolls (D:9)
  A river rat (D:3)
  A shadow imp (D:6)
  2 white imps (D:6)
  2 adder zombies (Ossuary)
  2 adder skeletons (D:4)
  2 worms (D:3)
  3 dart slugs
  22 orcs
  4 endoplasms
  3 goblins
  5 hobgoblins
  5 jackals
  3 bats
  2 frilled lizards (D:3)
  2 goblin zombies (Ossuary)
  A hobgoblin zombie (Ossuary)
  A jackal zombie (Ossuary)
  12 kobolds
  3 kobold zombies (Ossuary)
  An orc zombie (Ossuary)
  6 rats
143 creatures vanquished.

Vanquished Creatures (others)
  4 demonic plants (D:3)
  11 fungi
  12 plants
  5 withered plants (D:3)
32 creatures vanquished.

Grand Total: 175 creatures vanquished

Notes
Turn   | Place    | Note
-------+----------+-------------------------------------------
     0 | D:1      | Leszczynek the Human Gladiator began the quest for the Orb.
     0 | D:1      | Reached XP level 1. HP: 16/16 MP: 1/1
    58 | D:1      | Reached XP level 2. HP: 22/22 MP: 2/2
   197 | D:3      | Found an ancient bone altar of Kikubaaqudgha.
   204 | D:3      | Reached skill level 4 in Axes
   204 | D:3      | Reached XP level 3. HP: 27/27 MP: 3/3
   327 | D:3      | Found a shimmering blue altar of Sif Muna.
   563 | D:3      | Found a faded altar of an unknown god.
   594 | D:3      | Reached XP level 4. HP: 24/33 MP: 4/4
   737 | D:3      | Found a glowing drain.
   764 | Sewer    | Entered a sewer
   772 | Sewer    | HP: 5/33 [river rat (5)]
   775 | D:3      | HP: 2/33 [river rat (3)]
   858 | D:4      | Found Baaw's Book Emporium.
   918 | D:4      | Reached skill level 5 in Axes
   919 | D:4      | Noticed a necrophage
   923 | D:5      | Entered Level 5 of the Dungeon
   946 | D:5      | Reached XP level 5. HP: 20/38 MP: 5/5
   971 | D:5      | Reached skill level 6 in Axes
   995 | D:5      | Found a staircase to the Ecumenical Temple.
  1017 | Temple   | Entered the Ecumenical Temple
  1019 | Temple   | slime temple AGAIN
  1074 | Temple   | Became a worshipper of Warmaster Okawaru
  1096 | D:5      | Reached XP level 6. HP: 33/44 MP: 6/6
  1122 | D:5      | Noticed a necrophage
  1161 | D:5      | Killed a necrophage
  1162 | D:5      | Reached skill level 3 in Fighting
  1165 | D:5      | Reached skill level 4 in Fighting
  1248 | D:5      | Reached * piety under Okawaru
  1275 | D:5      | Reached XP level 7. HP: 47/55 MP: 7/7
  1341 | D:6      | Found a broken altar of Ashenzari.
  1381 | D:6      | Reached skill level 5 in Fighting
  1575 | D:6      | Reached skill level 6 in Fighting
  1732 | D:8      | Found a snail-covered altar of Cheibriados.
  1756 | D:8      | Reached XP level 8. HP: 44/64 MP: 8/8
  1789 | D:8      | Reached ** piety under Okawaru
  1790 | D:8      | Reached skill level 7 in Axes
  1805 | D:8      | Noticed an ice devil
  1805 | D:8      | Noticed an ice devil
  1805 | D:8      | Noticed an ice devil
  1805 | D:8      | Noticed an ice devil
  1806 | D:8      | uh
  1854 | D:8      | Found a sand-covered staircase.
  1908 | Ossuary  | Entered an ossuary
  2143 | D:9      | Found a white marble altar of Elyvilon.
  2166 | D:9      | Reached skill level 8 in Axes
  2392 | D:7      | Learned a level 2 spell: Passwall
  2532 | D:6      | Reached skill level 9 in Axes
  2537 | D:6      | Reached XP level 9. HP: 58/69 MP: 9/9
  2636 | D:10     | Entered Level 10 of the Dungeon
  2650 | D:10     | Noticed a troll
  2678 | D:10     | Killed a troll
  2679 | D:10     | Reached skill level 1 in Invocations
  2713 | D:10     | Noticed a two-headed ogre
  2820 | D:8      | Reached *** piety under Okawaru
  2821 | D:8      | Reached skill level 2 in Invocations
  2824 | D:8      | Reached skill level 10 in Axes
  2893 | D:8      | Noticed an ice devil
  2894 | D:8      | Noticed an ice statue
  2895 | D:8      | Noticed an ice devil
  3232 | D:8      | Found a stormy altar of Qazlal.
  3232 | D:8      | Found a faded altar of an unknown god.
  3257 | D:8      | Found a glowing silver altar of Zin.
  3259 | D:8      | Found a faded altar of an unknown god.
  3260 | D:8      | Found a glowing golden altar of the Shining One.
  3263 | D:8      | gotcha
  3418 | D:9      | Reached skill level 3 in Invocations
  3443 | D:8      | Reached skill level 4 in Dodging
  3565 | D:9      | Found a burning altar of Makhleb.
  3598 | D:9      | Reached skill level 7 in Fighting
  3606 | D:9      | Reached XP level 10. HP: 70/79 MP: 12/12
  3617 | D:9      | Reached **** piety under Okawaru
  3618 | D:9      | Reached skill level 1 in Armour
  3618 | D:9      | Reached skill level 5 in Dodging
  3618 | D:9      | Reached skill level 4 in Invocations
  3693 | D:10     | Reached skill level 2 in Armour
  3748 | D:10     | Received a gift from Okawaru
  3776 | D:10     | Found a staircase to the Lair.
  3858 | D:10     | Reached skill level 3 in Armour
  3868 | D:10     | Reached skill level 5 in Invocations
  3872 | D:10     | Reached skill level 4 in Armour
  4010 | D:11     | Noticed Maurice
  4111 | D:10     | Noticed a wizard
  4113 | D:10     | umm
  4119 | D:11     | HP: 13/80 [killer bee (5)]
  4119 | D:11     | HP: 3/80 [killer bee (4)]
  4119 | D:11     | HP: 1/80 [killer bee (2)]
  4120 | D:11     | XD
  4120 | D:11     | nice stairs bro
  4120 | D:11     | Slain by a killer bee

Illustrated notes ######### ###.......### ##..._..._...## .#.............# ................ .......@<....... ................ .#.............# ##..._..._...## ###.......### ######### Turn 1019 on Temple: slime temple AGAIN 45#$[$#..≈ .##.##4≈≈ 4....≈≈ #≈ ..45≈# ##≈ ≈≈≈≈## ##..≈ ≈≈..##.## ....###.......# #..#.@..# #...##.# ##..# ... ##.# .### #.##.# ##..#.# #.....# .. #.....# ..#. #########.....###... Turn 1806 on D:8: uh

#.#....###.##.#.## #.....#
#.######_#.#.###.####.##..#
#.#### #.##.## ##......##..
#....##...##.###.####..##..
##.###..#..##.#.## #..#..≈
#.###)# #.###.## #....#≈
#..##)###.##..# #...##≈
##.##.#_...#### #.#..#≈
#.'..#..@._# #.##..≈
####.#_...#########.# #..
#.###.##..##.....# ..
♣♣♣#####.###(#...##.#...# .#
#♣♣≈....##(.#..#....>...#.....#
#♣≈P≈P...###...##...#..#...###..
#P≈≈≈P.....##.##....#..#####
#♣≈≈≈....#.##_#######..#
#♣≈≈....#.#### #..#


Turn 3263 on D:8: gotcha ###### # ....# # #...# # #...# # #...# # #...######
##########...<..... #.@..........)).... #+###....##....#### ... #....##....#
..... #.>).##....# #.p.... #....##....# #...... #....##....#### ##+####
#.............. #.............. #....... .... Turn 4113 on D:10: umm #<...####
#.......# ......... ........# ## ........##.# ...........## ......yy....##
#y@y....# #.^#...## ...## .## ..... # ...#... .. #... . #... .... Turn 4120 on
D:11: XD

Levels and vault maps discovered:
D:1:      dpeg_arrival_round_c, layout_basic
D:2:      cheibrodos_helix_gallery, layout_basic, basic_altar,
          kennysheep_doodads, uniq_jessica
D:3:      layout_basic, lemuel_round_altar, mainiacjoe_overflow_catwalk,
          shapermc_ecumenical_altar_gd, cheibrodos_sewer_entry_bend,
          wad_rectangle_vault
D:4:      layout_cave_pools, vehumet_statue, serial_shops, nicolae_stop_n_shop_1
D:5:      layout_basic, minmay_temple_entry_slanted
D:6:      layout_rooms, mainiacjoe_overflow_24_doors, hangedman_feature_mirror
D:7:      layout_basic
D:8:      cheibrodos_frozen_isle, layout_loops_ring,
          chequers_temple_overflow_minitemple, slow_altar_1, serial_bayou,
          serial_bayou_shore_b, ebering_ghost_gozag,
          chequers_ossuary_entry_cave, uniq_harold
D:9:      layout_gridville, mainiacjoe_overflow_boulevard,
          nicolae_overflow_crystal_walls, lemuel_flame_loot_1
D:10:     layout_small_grid, mainiacjoe_overflow_alcove_1,
          grunt_lair_entry_orc_guard_hut, laboratory
D:11:     layout_cave_pools, gauntlet_entry_generic, uniq_maurice
Temple:   pf_slimified_temple

Skill      XL: |  1  2  3  4  5  6  7  8  9 10 |
---------------+-------------------------------+-----
Axes           | 4 5 6 9 10 | 10.1
Fighting       | 4 6 7 |  7.8
Invocations    | 3 5 |  5.1
Dodging        | 4 5 |  5.0
Armour         | 4 |  4.0
Throwing       | |  2.0

Action                   |  1- 3 |  4- 6 |  7- 9 | 10-12 || total
-------------------------+-------+-------+-------+-------++-------
Melee: War axe           |    71 |    77 |   348 |    77 ||   573
       Punch             |       |       |     3 |       ||     3
       Unarmed           |       |       |       |     1 ||     1
 Fire: Shortbow          |       |       |    13 |     4 ||    17
Throw: Throwing net      |     1 |       |       |       ||     1
       Dart              |       |     6 |     5 |       ||    11
Invok: Heroism           |       |       |    11 |     2 ||    13
  Use: Potion            |       |     3 |     1 |     1 ||     5
       Scroll            |       |     5 |     8 |     1 ||    14
 Stab: Sleeping          |     1 |       |       |       ||     1
Armor: Leather armour    |    14 |     5 |       |       ||    19
       Ring mail         |       |    10 |       |       ||    10
       Scale mail        |       |     9 |   133 |    31 ||   173
Dodge: Dodged            |    43 |    31 |   166 |    30 ||   270
Block: Other             |       |     5 |    83 |    14 ||   102
       Reflection        |       |       |     6 |       ||     6

Table legend: (Time is in decaauts)
 A = Elapsed time spent in this place.
 B = Non-inter-level travel time spent in this place.
 C = Inter-level travel time spent in this place.
 D = Time resting spent in this place.
 E = Time spent auto-exploring this place.
 F = Levels seen in this place.
 G = Mean time per level.
                   A        B        C        D        E       F      G
               +--------+--------+--------+--------+--------+-----+--------+
         Total |   4242 |   3891 |    351 |      0 |      0 |  14 |  303.0 |
       Dungeon |   3971 |   3620 |    351 |      0 |      0 |  11 |  361.0 |
        Temple |     61 |     61 |      0 |      0 |      0 |   1 |   61.0 |
         Sewer |     11 |     11 |      0 |      0 |      0 |   1 |   11.0 |
       Ossuary |    197 |    197 |      0 |      0 |      0 |   1 |  197.0 |
               +--------+--------+--------+--------+--------+-----+--------+

Top non-repeatable levels by time:
     D:8: 776 daAuts
     D:3: 690 daAuts
    D:10: 542 daAuts
     D:5: 442 daAuts
     D:9: 433 daAuts
     D:7: 424 daAuts
     D:6: 372 daAuts
 Ossuary: 197 daAuts
     D:2: 107 daAuts
     D:1: 106 daAuts
     D:4: 70 daAuts
  Temple: 61 daAuts
   Sewer: 11 daAuts
    D:11: 6 daAuts
